 Dungeon Crawl Stone Soup version 0.26-a0-683-g5206c1d7ac (webtiles) character file.

Game seed: 789652301438520201

1558 1994 the Carver (level 8, -10/56 HPs)
             Began as a Demonspawn Gladiator on Oct 22, 2020.
             Was an Initiate of Makhleb.
             Mangled by Menkaure (22 damage)
             ... on level 6 of the Dungeon.
             The game lasted 00:16:41 (7343 turns).

1994 the Carver (Demonspawn Gladiator)              Turns: 7343, Time: 00:16:42

Health: -10/56     AC:  6    Str: 15    XL:     8   Next: 58%
Magic:  17/17      EV: 14    Int: 12    God:    Makhleb [......]
Gold:   290        SH:  0    Dex: 16    Spells: 7/7 levels left

rFire    . . .     SeeInvis .   a - +1 long sword
rCold    . . .     Faith    .   (no shield)
rNeg     . . .     Spirit   .   t - +0 ring mail
rPois    .         Reflect  .   y - +0 helmet
rElec    .         Harm     .   (no cloak)
rCorr    .         Rampage  .   (no gloves)
MR       .....                  (no boots)
Stlth    +.........             C - amulet of magic regeneration
HPRegen  0.18/turn              w - ring of magical power
MPRegen  0.40/turn              (no ring)

@: no status effects
A: talons 1, spiny 1, big brain 1
a: Renounce Religion


You were on level 6 of the Dungeon.
You worshipped Makhleb.
Makhleb was noncommittal.
You visited 2 branches of the dungeon, and saw 7 of its levels.

You collected 290 gold pieces.

Inventory:

Hand Weapons
 a - a +1 long sword (weapon)
 b - a +0 hunting sling
 h - a +0 dagger
Missiles
 d - 3 throwing nets
 e - 214 stones
 i - 2 atropa-tipped darts
 j - 19 poisoned darts (quivered)
 k - 7 datura-tipped darts
 o - 44 sling bullets
 r - 10 boomerangs
Armour
 t - a +0 ring mail (worn)
 y - a +0 helmet (worn)
Jewellery
 c - an uncursed amulet of faith
 w - a ring of magical power (left hand)
 C - an amulet of magic regeneration (around neck)
 G - an uncursed ring of resist corrosion {unknown}
Scrolls
 f - a scroll of blinking {unknown}
 l - 4 scrolls of remove curse
 m - a scroll of fear {unknown}
 n - 2 scrolls of teleportation
 v - a scroll of amnesia {unknown}
 x - a scroll of enchant armour {unknown}
 A - a scroll of random uselessness {unknown}
 B - a scroll of immolation
 D - a scroll of magic mapping {unknown}
 E - a scroll of identify
Potions
 g - a potion of invisibility
 p - a potion of flight {unknown}
 q - 4 potions of heal wounds
 s - 4 potions of might
 u - 4 potions of curing
 z - a potion of haste {unknown}
 F - a potion of stabbing {unknown}


   Skills:
 + Level 2.1 Fighting
 * Level 9.2 Long Blades
 - Level 1.7 Throwing
 - Level 5.3 Dodging


You had 7 spell levels left.
You didn't know any spells.
Your spell library was empty.

Dungeon Overview and Level Annotations

Branches:
Dungeon (6/15)             Temple (1/1) D:5

Altars:
Ashenzari
Cheibriados
Dithmenos
Elyvilon
Fedhas
Gozag
Hepliaklqana
Kikubaaqudgha
Makhleb
Nemelex Xobeh
Okawaru
Qazlal
Ru
Sif Muna
Trog
Uskayaw
Vehumet
Wu Jian
Xom
Yredelemnul
Zin
The Shining One

Annotations:
D:3 2 transporters, EnegeticOcto's ghost, weakling HaEE
D:6 Menkaure


Innate Abilities, Weirdness & Mutations

You have sharp toenails.
You are partially covered in sharp spines.
You have an unusually large brain. (Int +2)


Message History

Menkaure hits you!!
You hit Menkaure.
Menkaure is moderately damaged.
Menkaure calls on the powers of darkness!
The leopard gecko convulses!
Your body is wracked with pain!
* * * LOW HITPOINT WARNING * * *
You hit Menkaure.
Menkaure is moderately damaged.
Menkaure barely misses you.
You riposte.
You hit Menkaure.
Menkaure is moderately damaged.
You hit Menkaure.
Menkaure is heavily damaged.
Menkaure points at you and mumbles some strange words.
You struggle to resist.
You barely miss Menkaure.
Menkaure is heavily damaged.
You hit Menkaure.
Menkaure is heavily damaged.
Menkaure hits you!!
You die...

###########...< ##
#..........#### #[
+..........# #.
#..........# +.
#..........#
#.###..........#
######.#....##+######
.......#....+
.......@....#
#+###+##M...# ....###
.M$...# ../.l...#
........# ........#
".......#


You could see Menkaure.

Vanquished Creatures
  Pikel (D:3)
  An ice beast (D:5)
  2 phantoms (D:5)
  An ogre (D:4)
  A centaur (D:5)
  A water moccasin zombie (D:5)
  A scorpion (D:5)
  A centaur zombie (D:5)
  A bullfrog zombie (D:5)
  4 orc wizards
  An iguana (D:5)
  2 worker ants
  A hound skeleton (D:4)
  A mummy (D:5)
  A gnoll (D:1)
  7 adders
  A shadow imp (D:6)
  3 ufetubi (D:5)
  An adder zombie (D:6)
  3 worms
  16 dart slugs
  21 orcs
  11 bats
  A giant cockroach (D:3)
  7 goblins
  9 hobgoblins
  9 jackals
  6 kobolds
  6 quokkas
  4 frilled lizards
  3 hobgoblin zombies (D:5)
  An orc zombie (D:5)
  A quokka zombie (D:5)
  8 rats
138 creatures vanquished.

Notes
Turn   | Place    | Note
-------+----------+-------------------------------------------
     0 | D:1      | 1994 the Demonspawn Gladiator began the quest for the Orb.
     0 | D:1      | Reached XP level 1. HP: 16/16 MP: 1/1
   353 | D:1      | Reached skill level 3 in Long Blades
   724 | D:1      | Gained mutation: You have an unusually large brain. (Int
                  | +2) [demonic ancestry]
   724 | D:1      | Reached XP level 2. HP: 21/22 MP: 2/2
  1087 | D:1      | Reached XP level 3. HP: 26/27 MP: 3/3
  1681 | D:2      | Reached skill level 4 in Long Blades
  2206 | D:2      | Gained mutation: You have sharp toenails. [demonic
                  | ancestry]
  2206 | D:2      | Reached XP level 4. HP: 33/33 MP: 4/4
  3025 | D:3      | Found a transporter.
  3085 | D:3      | Reached skill level 5 in Long Blades
  3185 | D:3      | Noticed EnegeticOcto's ghost (weakling HaEE)
  3213 | D:3      | Found a transporter.
  3274 | D:3      | Gained mutation: You are partially covered in sharp spines.
                  | [demonic ancestry]
  3274 | D:3      | Reached XP level 5. HP: 33/38 MP: 5/5
  3935 | D:3      | Reached skill level 6 in Long Blades
  4297 | D:4      | Reached XP level 6. HP: 43/44 MP: 6/6
  4349 | D:4      | Found a sacrificial altar of Ru.
  4802 | D:4      | Noticed Pikel
  5405 | D:3      | Killed Pikel
  5405 | D:3      | Reached skill level 8 in Long Blades
  5405 | D:3      | Reached XP level 7. HP: 25/50 MP: 7/7
  5802 | D:4      | Found a burning altar of Makhleb.
  5882 | D:5      | Entered Level 5 of the Dungeon
  6006 | D:4      | Reached skill level 9 in Long Blades
  6006 | D:4      | Reached XP level 8. HP: 42/56 MP: 8/8
  6265 | D:5      | Found a staircase to the Ecumenical Temple.
  6283 | Temple   | Entered the Ecumenical Temple
  6548 | D:4      | Became a worshipper of Makhleb the Destroyer
  7000 | D:5      | Reached skill level 5 in Dodging
  7331 | D:6      | Noticed Menkaure
  7343 | D:6      | Mangled by Menkaure

Illustrated notes

Levels and vault maps discovered:
D:1:      dpeg_arrival_rooms_b, layout_basic, minmay_ruptured
D:2:      layout_loops_corners
D:3:      kennysheep_slugbush, layout_basic, gammafunk_ghost_stat_death
D:4:      layout_loops_ring, overflow_temple_1_default, grunt_ministairs_7,
          st_stairs_14, nicolae_ru_the_path_less_chosen, uniq_pikel
D:5:      layout_basic, minmay_temple_entry_sparse_star, minmay_mini_ossuary
D:6:      layout_gridville, uniq_menkaure
Temple:   kilobyte_greek_temple

Skill      XL: |  1  2  3  4  5  6  7  8 |
---------------+-------------------------+-----
Long Blades    | 3 4 5 6 8 9 |  9.2
Dodging        | 5 |  5.3
Fighting       | |  2.1
Throwing       | |  1.7

Action                   |  1- 3 |  4- 6 |  7- 9 || total
-------------------------+-------+-------+-------++-------
Melee: Long sword        |   116 |   147 |   112 ||   375
       Kick              |       |    41 |    45 ||    86
Throw: Dart              |       |    15 |     5 ||    20
  Use: Scroll            |       |     5 |     4 ||     9
Armor: Leather armour    |    22 |       |       ||    22
       Ring mail         |    31 |    48 |    18 ||    97
Dodge: Dodged            |    97 |    86 |    45 ||   228
       Rpst.: Long sword |    29 |    24 |    11 ||    64

Table legend: (Time is in decaauts)
 A = Elapsed time spent in this place.
 B = Non-inter-level travel time spent in this place.
 C = Inter-level travel time spent in this place.
 D = Time resting spent in this place.
 E = Time spent auto-exploring this place.
 F = Levels seen in this place.
 G = Mean time per level.
                   A        B        C        D        E       F      G
               +--------+--------+--------+--------+--------+-----+--------+
         Total |   7393 |   6831 |    562 |   1329 |   3342 |   7 | 1056.1 |
       Dungeon |   7204 |   6648 |    556 |   1329 |   3160 |   6 | 1200.7 |
        Temple |    188 |    182 |      6 |      0 |    182 |   1 |  188.0 |
               +--------+--------+--------+--------+--------+-----+--------+

Top non-repeatable levels by time:
     D:3: 1996 daAuts
     D:1: 1632 daAuts
     D:2: 1422 daAuts
     D:4: 1109 daAuts
     D:5: 989 daAuts
  Temple: 188 daAuts
     D:6: 55 daAuts
